 Dungeon Crawl Stone Soup version 0.31-a0-180-g519b7de00c (webtiles) character file.

Game seed: 13950818192124492548

57234 rabbitsville the Imperceptible (level 14, -10/71 HPs)
             Began as a Vampire Brigand on June 19, 2023.
             Was the Champion of Wu Jian.
             Shot with a bolt by an orc warrior (12 damage)
             ... on level 12 of the Dungeon.
             The game lasted 02:00:29 (18264 turns).

rabbitsville the Imperceptible (Vampire Brigand)   Turns: 18264, Time: 02:00:29

Health: -10/71     AC: 10    Str: 10    XL:     14   Next: 45%
Magic:  12/12      EV: 20    Int: 20    God:    Wu Jian [******]
Gold:   1993       SH:  0    Dex: 19    Spells: 24/33 levels left

rFire   . . .        D - +9 short sword of Resumed Hostilities {antimagic, *Corrode rPois rC+++}
rCold   + + +        (no shield)
rNeg    + + +        W - +0 robe {Will+}
rPois   ∞            Y - +3 hat of Pondering {ponderous, Will+ MP+10 Int+5}
rElec   .            L - +2 cloak
rCorr   .            x - +0 pair of gloves of Broken Taboos {Contam Slay+5}
SInv    +            j - +0 pair of boots
Will    +++..        (no amulet)
Stlth   ++++++++++   f - +4 ring of protection
HPRegen 0.00/turn    A - ring of wizardry
MPRegen 0.13/turn

%: corrode self (3%), wizardry (x1)
@: corroded, bloodless, inhibited regen, slow
A: bloodless, fangs 3, see invisible, vampiric 2
a: Bat Form, Revivify, Renounce Religion, Wall Jump, Serpent's Lash, Heavenly
Storm


You were on level 12 of the Dungeon.
You worshipped Wu Jian.
Wu Jian was exalted by your worship.
You visited 4 branches of the dungeon, and saw 19 of its levels.
You also visited: Ossuary.

You collected 2257 gold pieces.
You spent 264 gold pieces at shops.

Inventory:

Hand Weapons
 t - the +6 long sword of Floods {flame, +Blink Int-2 Stlth+}
   (You found it on level 2 of the Dungeon)

   Int:       It affects your intelligence (-2).
   +Blink:    It lets you blink.
   Stlth:     It makes you more stealthy.
 D - the +9 short sword of Resumed Hostilities (weapon) {antimagic, *Corrode rPois rC+++}
   (You took it off a kobold on level 4 of the Dungeon)

   rC:        It renders you almost immune to cold.
   rPois:     It protects you from poison.
   *Corrode:  It may corrode you when you take damage.
Missiles
 d - 39 poisoned darts
 e - 3 curare-tipped darts
 p - 2 boomerangs of dispersal
 K - 2 throwing nets
 M - 4 silver javelins (quivered)
Armour
 j - a +0 pair of boots (worn)
 x - the +0 pair of gloves of Broken Taboos (worn) {Contam Slay+5}
   (You found it on level 4 of the Dungeon)

   Slay:      It affects your accuracy & damage with ranged weapons and melee
   (+5).
   Contam:    It causes magical contamination when unequipped.
 L - a +2 cloak (worn)
 W - a +0 robe of willpower (worn)
 Y - the +3 hat of Pondering (worn) {ponderous, Will+ MP+10 Int+5}
   (You took it off Gastronok on level 10 of the Dungeon)

   Int:       It affects your intelligence (+5).
   MP:        It affects your magic capacity (+10).
   Will:      It increases your willpower.
Jewellery
 f - a +4 ring of protection (left hand)
 A - a ring of wizardry (right hand)
Wands
 c - a wand of polymorph (3)
 B - a wand of roots (9)
 H - a wand of flame (51)
 S - a wand of digging (2)
 T - a wand of charming (17)
 V - a wand of light (4)
Scrolls
 a - 2 scrolls of noise {unknown}
 b - a scroll of vulnerability {unknown}
 m - a scroll of blinking
 n - 2 scrolls of teleportation
 o - 4 scrolls of enchant armour
 s - 4 scrolls of identify
 v - a scroll of enchant weapon {unknown}
 y - a scroll of torment {unknown}
 z - 2 scrolls of fog {unknown}
 C - 5 scrolls of revelation {unknown}
 E - 4 scrolls of fear
 G - a scroll of immolation {unknown}
 I - a scroll of brand weapon {unknown}
 J - a scroll of acquirement {unknown}
 Q - a scroll of summoning {unknown}
 R - 4 scrolls of amnesia
 Z - a scroll of silence {unknown}
Potions
 g - 11 potions of curing
 h - 2 potions of lignification {unknown}
 i - 2 potions of brilliance {unknown}
 l - a potion of magic {unknown}
 q - 3 potions of enlightenment
 r - 6 potions of might
 u - a potion of invisibility {unknown}
 w - 3 potions of cancellation {unknown}
 F - a potion of degeneration {unknown}
 N - a potion of berserk rage {unknown}
 O - 3 potions of resistance
 P - a potion of ambrosia {unknown}
 U - 5 potions of mutation
 X - a potion of haste {unknown}


   Skills:
 - Level 1.7 Fighting
 - Level 12.3(12.6) Short Blades
 + Level 3.4(8.1) Long Blades
 - Level 1.5 Throwing
 - Level 12.6 Dodging
 + Level 21.1 Stealth
 - Level 10.0 Spellcasting
 - Level 10.0 Hexes
 * Level 7.9 Transmutations
 + Level 1.2 Earth Magic


You had 24 spell levels left.
You knew the following spells:

 Your Spells              Type           Power      Damage    Failure   Level
a - Yara's Violent Unrav  Hex/Tmut       22%        3d10      1%          5
b - Petrify               Tmut/Erth      28%        N/A       4%          4

Your spell library contained the following spells:

 Spells                   Type           Power      Damage    Failure   Level
 Slow                     Hex            100%       N/A       1%          1
 Confusing Touch          Hex            50%        N/A       1%          3
 Portal Projectile        Hex/Tloc       60%        N/A       1%          3
 Tukima's Dance           Hex            50%        N/A       1%          3
 Foxfire                  Conj/Fire      40%        2x1d6     2%          1
 Fulminant Prism          Conj/Hex       15%        3d10      3%          4
 Blade Hands              Tmut           20%        N/A       3%          5
 Cigotuvi's Dreadful Rot  Necr/Pois/Air  20%        N/A       4%          2
 Ozocubu's Armour         Ice            10%        N/A       9%          3
 Vampiric Draining        Necr           10%        2d6       9%          3
 Volatile Blastmotes      Fire/Tloc      20%        2d11      9%          3
 Dispel Undead            Necr           10%        3d9       26%         4
 Iskenderun's Mystic Bla  Conj/Tloc      10%        2d4       26%         4
 Lee's Rapid Deconstruct  Erth           7%         3d7*      41%         5
 Fireball                 Conj/Fire      5%         3d5       56%         5
 Death Channel            Necr           5%         N/A       98%         6
 Plasma Beam              Fire/Air       5%         2x1d15    98%         6
 Starburst                Conj/Fire      5%         6d4       98%         6
 Storm Form               Tmut/Air       12%        N/A       98%         7
 Ozocubu's Refrigeration  Ice            5%         4d8       100%        7
 Maxwell's Capacitive Co  Air            5%         ∞         100%        8


Dungeon Overview and Level Annotations

Branches:
Dungeon (12/15)            Temple (1/1) D:5            Lair (4/5) D:9
 Shoals (0/4) Lair:2        Snake (0/4) Lair:2          Orc (2/2) D:9
    Elf (0/3) Orc:2       Ossuary (visited)
  Slime: Lair:4-5

Altars:
Ashenzari
Cheibriados
Dithmenos
Fedhas
Gozag
Hepliaklqana
Kikubaaqudgha
Makhleb
Nemelex Xobeh
Okawaru
Qazlal
Ru
Sif Muna
Trog
Uskayaw
Vehumet
Wu Jian
Yredelemnul

Shops:
D:2 [   D:9 [   D:11 :   Orc:1 *   Orc:2 :*

Annotations:
D:4 1 runed translucent door, Crazy Yiuf
D:5 2 transporters, Brisketman's ghost, amateur FeTm
D:8 2 transporters, hgbash's ghost, novice GrEE
D:11 exclusion: ice statue, Urug
Orc:2 Saint Roka


Innate Abilities, Weirdness & Mutations

You do not regenerate when monsters are visible.
You are frail without blood (-20% HP).
You can heal yourself when you bite living creatures.
You are immune to poison.
You have razor-sharp teeth.
You have supernaturally acute eyesight. (SInv)
You are afflicted with vampirism and can become a bat while bloodless.


Message History

The orc warrior is severely wounded.
The orc priest calls upon Beogh to heal the orc warrior.
The orc warrior is healed somewhat.
The orc warrior hits you but does no damage.
The orc warrior hits you from afar with a +0 halberd.
You hit the orc warrior.
The orc warrior is severely wounded.
You puncture the orc warrior!
You bite the orc warrior, but do no damage.
The orc warrior is almost dead.
The orc warrior closely misses you. The orc warrior misses you.
You impale the orc warrior!!
You kill the orc warrior!
The Council accepts your kill.
Throw: 5 javelins (silver)
Press: ? - help, Q - select action, (/) - cycle Shift-Dir - straight line, f - orc priest
Aim: an orc priest, wielding a +0 flail (66% to hit)
You throw a silver javelin.
The silver javelin hits the orc warrior and shatters, but does no damage.
The orc warrior is lightly wounded.
The orc priest calls upon Beogh to heal the orc warrior.
The orc warrior's wounds heal themselves!
The orc warrior unwields a +0 hand axe.
The orc warrior wields a +1 arbalest of electrocution.
You hear the crackle of electricity.
The orc warrior shoots a bolt.
The bolt hits you!
Your corrosive artefact corrodes you!
The orc warrior hits you from afar with a +0 halberd.
The orc priest looks satisfied for a moment.
The orc warrior completely misses you.
Unknown command.
The orc warrior shoots a bolt.
The bolt misses you.
The orc curses noisily.
The orc priest mumbles some strange prayers to Beogh against you.
Beogh smites you!
* * * LOW HITPOINT WARNING * * *
The orc warrior shoots a bolt.
The bolt hits you!
* * * LOW HITPOINT WARNING * * *
You are electrocuted!
You die...

#......# #.....#######.....'
#..<...### #..........##.....#
#[...<...#####.....####..#.....#
#......#.....#.....# ##.#.....#
#......#####.......# #.#.#.#.#
#.....># ###.....# #.'......
#......# #.....# ###.#.##+
###.#### #.....# ##..# #.#
##@#### #.+ #.# #.## .# #.# #o.#
###.##+ #.# ##.# ###...... #)#
#o# #...#.#.# #.#


#oooo# #........ #.# #oooo# #........ #.# #oooo' #........ #.# #oo.o#. #........
You could see 3 orc warriors, an orc priest and 4 orcs.

Vanquished Creatures
  Gastronok (D:10)
  Snorg (Lair:3)
  3 hydras
  A catoblepas (Lair:4)
  3 two-headed ogres
  Erica (Lair:2)
  2 death yaks (Lair:3)
  A boulder beetle (D:11)
  Amaemon (D:9)
  A sixfirhy (D:9)
  A skyshark (Lair:3)
  A skeletal warrior (D:12)
  Pikel (D:8)
  2 orc knights
  2 cyclopes
  A manticore (Lair:2)
  18 elephants
  Maurice (D:8)
  A rust devil (D:9)
  4 black mambas
  Psyche (D:8)
  16 cane toads
  2 gargoyles
  An unseen horror zombie (D:8)
  A rime drake (Lair:1)
  2 orange demons (D:9)
  5 komodo dragons
  6 trolls
  5 polar bears (Lair:2)
  8 blink frogs
  A wind drake (Lair:2)
  4 wraiths
  A ynoxinul (D:9)
  A shadow (D:9)
  7 wyverns
  5 basilisks
  A neqoxec (D:9)
  56 yaks
  4 steam dragons
  A chaos spawn (D:9)
  Grum (D:9)
  3 vampire mosquitoes (D:12)
  3 wargs
  2 nagas (Lair:2)
  3 acid dragons
  10 water moccasins
  26 orc warriors
  A sky beast (D:7)
  4 black bears
  2 ice beasts
  9 ogres
  18 wolves
  8 centaurs
  6 phantoms
  2 kobold brigands
  9 bullfrogs
  A gnoll sergeant (D:10)
  A wyvern zombie (D:8)
  4 scorpions
  17 wights
  2 water moccasin zombies (Ossuary)
  A troll zombie (D:9)
  10 killer bees (D:8)
  A howler monkey (D:6)
  A vampire bat (D:10)
  2 electric eels (D:12)
  3 centaur zombies (D:8)
  A quasit (D:9)
  2 hounds (D:5)
  12 orc priests
  2 gnoll boudas (D:5)
  An iron imp (D:7)
  2 iguanas
  A sleepcap (D:5)
  25 orc wizards
  Ijyb (D:5)
  A killer bee zombie (D:8)
  5 ogre zombies (D:9)
  2 mummies (Ossuary)
  15 gnolls
  7 adders
  A shadow imp (D:7)
  4 white imps
  3 ufetubi
  2 adder zombies (Ossuary)
  A worm (D:2)
  3 dart slugs
  99 orcs
  8 endoplasms
  A giant cockroach (D:2)
  5 hobgoblins
  7 jackals
  3 quokkas
  11 ball pythons
  10 bats
  3 gnoll zombies (Ossuary)
  3 goblins
  2 goblin zombies (D:9)
  6 hobgoblin zombies
  17 kobolds
  4 kobold zombies (Ossuary)
  4 orc skeletons (D:9)
  18 orc zombies
  8 rats
625 creatures vanquished.

Notes
Turn   | Place    | Note
-------+----------+-------------------------------------------
     0 | D:1      | rabbitsville the Vampire Brigand began the quest for the
                  | Orb.
     0 | D:1      | Reached XP level 1. HP: 16/16 MP: 1/1
   172 | D:1      | Reached skill level 6 in Stealth
   280 | D:1      | Reached XP level 2. HP: 22/22 MP: 2/2
   899 | D:2      | Gained mutation: You are afflicted with vampirism and can
                  | become a bat while bloodless. [Vampire growth]
   899 | D:2      | Reached XP level 3. HP: 27/27 MP: 3/3
  1357 | D:2      | Identified the +6 long sword of Floods {flame, +Blink Int-2
                  | Stlth+}
  1463 | D:2      | Found Bisusoz's Antique Armour Shoppe.
  1745 | D:3      | Reached XP level 4. HP: 33/33 MP: 4/4
  1798 | D:3      | Found an ancient bone altar of Kikubaaqudgha.
  1874 | D:3      | Found a stormy altar of Qazlal.
  2058 | D:3      | Found a basalt altar of Yredelemnul.
  2428 | D:4      | Noticed a phantom
  2429 | D:4      | Noticed a scorpion
  2430 | D:4      | Noticed an ice beast
  2448 | D:3      | Reached skill level 1 in Long Blades
  2448 | D:3      | Reached skill level 7 in Stealth
  2470 | D:2      | Killed a phantom
  2471 | D:2      | Reached XP level 5. HP: 28/38 MP: 5/5
  2473 | D:2      | Killed an ice beast
  2474 | D:2      | Reached skill level 8 in Stealth
  2474 | D:2      | Reached XP level 6. HP: 34/44 MP: 6/6
  2687 | D:4      | Identified the +0 pair of gloves of Broken Taboos {Contam
                  | Slay+5}
  2697 | D:4      | Noticed an ice beast
  2708 | D:4      | Killed an ice beast
  2951 | D:4      | Found a runed translucent door.
  2952 | D:4      | Noticed Crazy Yiuf
  3061 | D:4      | Identified the +9 short sword of Resumed Hostilities
                  | {antimagic, *Corrode rPois rC+++}
  3382 | D:5      | Entered Level 5 of the Dungeon
  3392 | D:5      | Reached XP level 7. HP: 34/49 MP: 2/7
  3392 | D:5      | Noticed Brisketman's ghost (amateur FeTm)
  3456 | D:5      | Noticed Ijyb
  3465 | D:5      | Killed Ijyb
  3466 | D:5      | Reached skill level 9 in Stealth
  3468 | D:5      | Found a transporter.
  3488 | D:5      | Found a transporter.
  3518 | D:5      | Reached skill level 5 in Dodging
  4213 | D:5      | Found a staircase to the Ecumenical Temple.
  4219 | D:5      | Reached skill level 10 in Stealth
  4221 | Temple   | Entered the Ecumenical Temple
  4228 | Temple   | Became a worshipper of the Wu Jian Council
  4285 | D:5      | Reached XP level 8. HP: 40/55 MP: 2/8
  4343 | D:5      | Reached skill level 5 in Short Blades
  4470 | D:6      | Found a shadowy altar of Dithmenos.
  4640 | D:6      | Found a broken altar of Ashenzari.
  4643 | D:6      | Found an iron altar of Okawaru.
  4699 | D:6      | Reached skill level 11 in Stealth
  4742 | D:6      | Found a burning altar of Makhleb.
  4890 | D:6      | Found an opulent altar of Gozag.
  5198 | D:7      | Found a snail-covered altar of Cheibriados.
  5265 | D:7      | Found a sacrificial altar of Ru.
  5289 | D:7      | Found a sand-covered staircase.
  5296 | Ossuary  | Entered an ossuary
  5304 | Ossuary  | Reached * piety under Wu Jian
  5481 | D:7      | Found a radiant altar of Vehumet.
  5748 | D:7      | Reached ** piety under Wu Jian
  5756 | D:7      | Reached skill level 12 in Stealth
  5756 | D:7      | Reached XP level 9. HP: 59/61 MP: 3/9
  5822 | D:7      | Found a faded altar of an unknown god.
  5824 | D:7      | Found a faded altar of an unknown god.
  5824 | D:7      | Found a hazy altar of Hepliaklqana.
  6445 | D:8      | Found a transporter.
  6446 | D:8      | Noticed hgbash's ghost (novice GrEE)
  6473 | D:8      | Noticed Pikel
  6474 | D:8      | Noticed Psyche
  6481 | D:8      | Killed Psyche
  6482 | D:8      | Reached skill level 13 in Stealth
  6500 | D:8      | Killed Pikel
  6707 | D:8      | Found a transporter.
  6808 | D:8      | Reached XP level 10. HP: 60/60 MP: 3/10
  6822 | D:8      | Reached skill level 14 in Stealth
  6824 | D:8      | Noticed Maurice
  6837 | D:8      | Killed Maurice
  6996 | D:8      | Reached *** piety under Wu Jian
  7019 | D:9      | Noticed an orange demon
  7019 | D:9      | Noticed a cyclops
  7131 | D:9      | Found Cyufoy's Antique Armour Emporium.
  7154 | D:9      | Noticed Grum
  7186 | D:9      | Noticed a sixfirhy
  7194 | D:9      | Killed Grum
  7266 | D:9      | Reached skill level 10 in Dodging
  7266 | D:9      | Reached skill level 15 in Stealth
  7276 | D:9      | Found a staircase to the Orcish Mines.
  7493 | D:9      | Reached **** piety under Wu Jian
  7510 | D:9      | Reached skill level 10 in Short Blades
  7555 | D:9      | Noticed a rust devil
  7613 | D:9      | Killed a sixfirhy
  7769 | D:9      | Killed a rust devil
  7770 | D:9      | Reached XP level 11. HP: 72/72 MP: 3/11
  7803 | D:9      | Reached skill level 16 in Stealth
  7839 | D:9      | Found a bloodstained altar of Trog.
  7945 | D:9      | Found a staircase to the Lair.
  8362 | D:9      | Noticed Amaemon
  8381 | D:9      | Killed Amaemon
  8508 | D:10     | Entered Level 10 of the Dungeon
  8618 | D:10     | Noticed Gastronok
  8624 | D:10     | Killed Gastronok
  8625 | D:10     | Reached skill level 17 in Stealth
  8723 | D:10     | Found a sparkling altar of Nemelex Xobeh.
  8736 | D:10     | Found a blossoming altar of Fedhas.
  8855 | D:10     | Noticed a two-headed ogre
  8868 | D:10     | Killed a two-headed ogre
  8912 | D:10     | Reached ***** piety under Wu Jian
  9427 | D:10     | Noticed a two-headed ogre
  9429 | D:10     | Killed a two-headed ogre
  9611 | D:11     | Noticed Urug
  9640 | D:11     | Reached XP level 12. HP: 78/78 MP: 4/12
  9678 | D:11     | Noticed a two-headed ogre
  9679 | D:11     | Killed a two-headed ogre
  9680 | D:11     | Reached skill level 18 in Stealth
  9699 | D:11     | Noticed a boulder beetle
  9703 | D:11     | Killed a boulder beetle
  9926 | D:11     | Reached skill level 1 in Hexes
  9962 | D:11     | Reached skill level 1 in Spellcasting
 10086 | D:11     | Found Nichesh's Tiny Tomes.
 10094 | D:11     | Bought the Vellum of Fascination for 144 gold pieces
 10094 | D:11     | Bought the Elucidation of the Figure for 120 gold pieces
 10581 | Lair:1   | Entered Level 1 of the Lair of Beasts
 11008 | Lair:1   | Reached skill level 5 in Hexes
 11009 | Lair:1   | Reached skill level 19 in Stealth
 11059 | Lair:1   | Reached skill level 5 in Spellcasting
 11732 | Lair:2   | Found a staircase to the Snake Pit.
 11840 | Lair:2   | Reached XP level 13. HP: 55/66 MP: 10/22
 11891 | Lair:2   | Found a staircase to the Shoals.
 12058 | Lair:2   | Noticed Erica
 12073 | Lair:2   | Killed Erica
 12250 | Lair:2   | Reached skill level 1 in Transmutations
 13076 | Lair:3   | Reached skill level 20 in Stealth
 13197 | Lair:3   | Noticed Snorg
 13227 | Lair:3   | Killed Snorg
 13764 | Lair:3   | Reached ****** piety under Wu Jian
 14054 | Lair:4   | Learned a level 5 spell: Yara's Violent Unravelling
 14059 | Lair:4   | Learned a level 4 spell: Petrify
 14218 | Lair:4   | Reached skill level 5 in Transmutations
 14689 | Lair:4   | Reached XP level 14. HP: 71/71 MP: 12/27
 14965 | Lair:4   | Reached skill level 10 in Hexes
 15620 | Orc:1    | Entered Level 1 of the Orcish Mines
 15728 | Orc:1    | Found Qotixuc's Assorted Antiques.
 15989 | Orc:2    | Entered Level 2 of the Orcish Mines
 16124 | Orc:2    | Found Jiluz Fekise's General Store.
 16903 | Orc:2    | Found a staircase to the Elven Halls.
 17093 | Orc:2    | Found Sogutib's Book Boutique.
 17208 | Orc:2    | Reached skill level 21 in Stealth
 17596 | Orc:2    | Noticed Saint Roka
 17927 | D:12     | Reached skill level 1 in Earth Magic
 17965 | D:12     | Reached skill level 10 in Spellcasting
 18264 | D:12     | HP: 2/71 [orc warrior/bolt (12)]
 18264 | D:12     | Shot with a bolt by an orc warrior

Illustrated notes

Levels and vault maps discovered:
D:1:      matt_arrival_los_fun, layout_basic, minmay_tromino_v4_a
D:2:      kennysheep_big_flooded_room, layout_basic, serial_shops, shop,
          minmay_misc_feat_chi
D:3:      layout_basic, mainiacjoe_overflow_brackets,
          nicolae_qazlal_scattered_showers, kennysheep_ying_yang
D:4:      layout_cave_pods, minmay_door_square, minmay_starry_boxes,
          uniq_crazy_yiuf_cottage
D:5:      lemuel_ice_spiral_2, layout_basic, minmay_temple_entry_hall,
          gammafunk_ghost_arena, uniq_ijyb
D:6:      layout_basic, amcnicky_altar_gilded, lemuel_coloured_pillars_altar,
          lemuel_tele_altar, nicolae_overflow_squiral,
          kennysheep_generic_room_13
D:7:      layout_loops_ring, nicolae_vehumet_radiance,
          nicolae_hepliaklqana_ecumenical_no_more, slow_altar_1,
          nicolae_ru_sacrificial_ziggurat, nicolae_ossuary_entry_monument
D:8:      layout_loops_cross, gammafunk_ghost_smash, serial_undead,
          serial_undead_b, serial_undead_a, serial_undead_e, serial_undead_c,
          serial_undead_f, serial_undead_e, uniq_psyche, uniq_maurice,
          uniq_pikel
D:9:      layout_small_grid, trog_three_pillars_becter, erik_lair_dragon,
          zombieorc1_lemuel, serial_shops, shop, serial_demonic,
          serial_demonic_g, serial_demonic_f, serial_demonic_c,
          serial_demonic_g, serial_demonic_e, serial_demonic_a, uniq_grum,
          uniq_amaemon
D:10:     layout_gridville, nemelex_xobeh_ov_fountains_minmay, fedhas_altar_1,
          roderic_batcave, uniq_gastronok
D:11:     layout_long_grid, grunt_ogre_cave, corexii_corridor_pit,
          minmay_misc_feat_rows, nicolae_shop_i_like_small_books_too,
          chequers_serial_rivers_room_a, minmay_statue_bubble, uniq_urug
D:12:     layout_roguey [special_room_orc], minmay_misc_feat_doors,
          nooodl_orcs_dogs
Temple:   nicolae_temple_ecumenical_triangle
Lair:1:   layout_regular_city, nicolae_lair_grazing_beasts
          [nicolae_sub_lair_graze_edge, nicolae_sub_lair_graze_edge,
          nicolae_sub_lair_graze_edge, nicolae_sub_lair_graze_edge]
Lair:2:   beast_lair_carwin_large_2, layout_cave_pods,
          minmay_shoals_entry_beasts, guppyfry_snake_entry_island,
          lemuel_fruit_tree, uniq_erica
Lair:3:   layout_long_grid, grunt_megastairs_5, uniq_snorg
Lair:4:   layout_loops_ring, beast_lair_carwin_10, serial_bayou_shore_b
Orc:1:    layout_caves, serial_shops, nicolae_shop_window_shopping, basic_altar,
          hellmonk_bongcloud_opening
Orc:2:    grunt_orc_community_town_hall, layout_diamond_mine,
          grunt_orc_community_big_house_1, grunt_orc_community_big_house_1,
          grunt_orc_community_house_2, grunt_orc_community_house_3,
          grunt_orc_community_house_3, grunt_orc_community_house_2,
          nicolae_orc_rich_vein

Skill      XL: |  1  2  3  4  5  6  7  8  9 10 11 12 13 14 |
---------------+-------------------------------------------+-----
Stealth        | 6 7 8 10 12 13 15 17 19 20 21 | 21.1
Dodging        | 2 3 4 5 7 9 10 12 | 12.6
Short Blades   | 3 4 6 8 10 12 | 12.3
Long Blades    | 1 2 3 |  3.4
Hexes          | 6 9 10 | 10.0
Spellcasting   | 6 9 10 | 10.0
Transmutations | 5 7 |  7.9
Earth Magic    | 1 |  1.2
Fighting       | |  1.7
Throwing       | |  1.5

Action                     |  1- 3 |  4- 6 |  7- 9 | 10-12 | 13-15 || total
---------------------------+-------+-------+-------+-------+-------++-------
  Melee: Dagger            |    91 |       |       |       |       ||    91
         Bite              |     8 |     4 |    29 |    75 |   147 ||   263
         Long sword        |    10 |    63 |       |       |    34 ||   107
         Short sword       |       |     7 |   257 |   697 |   935 ||  1896
         Punch             |       |       |     4 |    11 |    14 ||    29
  Throw: Dart              |       |    10 |       |     8 |     3 ||    21
         Throwing net      |       |       |       |       |     3 ||     3
         Boomerang         |       |       |       |       |     3 ||     3
         Javelin           |       |       |       |       |     4 ||     4
   Cast: Yara's Violent Un |       |       |       |       |     8 ||     8
 Invoke: Serpent's Lash    |       |       |       |       |     1 ||     1
Ability: Evoke Blink       |       |     1 |       |       |     1 ||     2
         Lunge             |       |       |    45 |    81 |    93 ||   219
         Whirlwind         |       |       |    13 |   103 |   163 ||   279
         Exsanguinate      |       |       |     1 |     1 |       ||     2
         Revivify          |       |       |     1 |       |       ||     1
    Use: Potion            |       |     1 |       |     2 |     4 ||     7
         Scroll            |       |       |     2 |     4 |    12 ||    18
   Stab: Sleeping          |    12 |    10 |    33 |    47 |    50 ||   152
         Distracted        |     2 |       |     3 |     3 |     7 ||    15
         Held in net/web   |       |       |       |       |     1 ||     1
 Armour: Robe              |    23 |    16 |    29 |    70 |   114 ||   252
  Dodge: Dodged            |    49 |    51 |    98 |   331 |   425 ||   954

Table legend: (Time is in decaauts)
 A = Elapsed time spent in this place.
 B = Non-inter-level travel time spent in this place.
 C = Inter-level travel time spent in this place.
 D = Time resting spent in this place.
 E = Time spent auto-exploring this place.
 F = Levels seen in this place.
 G = Mean time per level.
                   A        B        C        D        E       F      G
               +--------+--------+--------+--------+--------+-----+--------+
         Total |  18422 |  17472 |    950 |   1003 |   7134 |  20 |  921.1 |
       Dungeon |  11123 |  10353 |    770 |    288 |   4733 |  12 |  926.9 |
        Temple |     19 |     19 |      0 |      0 |      0 |   1 |   19.0 |
          Lair |   5086 |   4930 |    156 |    428 |   2007 |   4 | 1271.5 |
  Orcish Mines |   2070 |   2047 |     23 |    287 |    393 |   2 | 1035.0 |
       Ossuary |    122 |    122 |      0 |      0 |      0 |   1 |  122.0 |
               +--------+--------+--------+--------+--------+-----+--------+

Top non-repeatable levels by time:
     D:9: 1804 daAuts
  Lair:4: 1585 daAuts
   Orc:2: 1313 daAuts
  Lair:2: 1297 daAuts
  Lair:1: 1284 daAuts
    D:10: 1076 daAuts
     D:5: 978 daAuts
     D:4: 975 daAuts
    D:11: 941 daAuts
     D:2: 927 daAuts
  Lair:3: 918 daAuts
     D:8: 864 daAuts
     D:7: 837 daAuts
     D:3: 791 daAuts
     D:1: 767 daAuts
